 Dungeon Crawl Stone Soup version 0.22-a0-750-ga7dcef7 (webtiles) character file.

617 PositiveJam the Fighter (level 7, -1/68 HPs)
             Began as a Minotaur Fighter on July 15, 2018.
             Killed by nerve-wracking pain
             ... invoked by an orc priest
              (10 damage)
             ... on level 4 of the Dungeon.
             The game lasted 00:13:34 (2970 turns).

PositiveJam the Fighter (Minotaur Fighter)          Turns: 2970, Time: 00:13:35

Health: -1/68      AC: 17    Str: 23    XL:     7   Next: 21%
Magic:  6/6        EV:  4    Int:  5    God:
Gold:   190        SH:  9    Dex:  9    Spells: 6/6 levels left

rFire    . . .     SeeInvis .   a - +0 war axe
rCold    . . .     Gourm    .   c - +0 shield
rNeg     . . .     Faith    .   e - +3 plate armour
rPois    .         Spirit   .   (helmet restricted)
rElec    .         Reflect  .   (no cloak)
rCorr    .         Harm     .   u - +0 pair of gloves (curse)
MR       .....                  (no boots)
Stlth    ..........             (no amulet)
HPRegen  0.21/turn              (no ring)
MPRegen  0.10/turn              (no ring)

@: no status effects
A: retaliatory headbutt, horns 2
a: no special abilities


You were on level 4 of the Dungeon.
You were hungry.

You visited 1 branch of the dungeon, and saw 4 of its levels.

You collected 190 gold pieces.

Inventory:

Hand Weapons
 a - a +0 war axe (weapon)
 q - a +0 mace
Armour
 b - a +0 scale mail
 c - a +0 shield (worn)
 e - a +3 plate armour (worn)
 h - a +0 chain mail
 i - a +0 pair of gloves
 s - a +0 scale mail
 u - a cursed +0 pair of gloves (worn)
Jewellery
 g - a cursed ring of loudness
 j - an uncursed ring of ice
Wands
 r - a wand of flame (16)
Scrolls
 l - 2 scrolls of remove curse
 n - 3 scrolls of fog
 w - a scroll of teleportation {unknown}
 x - a scroll of magic mapping {unknown}
 y - a scroll of identify
Potions
 d - 2 potions of might
 k - a potion of agility {unknown}
 m - a potion of degeneration {unknown}
 o - a potion of magic {unknown}
 p - 2 potions of lignification
 t - a potion of cancellation {unknown}
 v - 2 potions of curing {unknown}
 z - 2 potions of haste {unknown}
 A - a potion of ambrosia {unknown}
 B - 2 potions of mutation {unknown}
Comestibles
 f - 4 rations


   Skills:
 * Level 8.3 Fighting
 - Level 2.4 Axes
 + Level 6.7 Armour
 - Level 3.6 Shields


You had 6 spell levels left.
You didn't know any spells.
Your spell library contained the following spells:

 Spells                   Type           Power        Failure   Level  Hunger
 Spider Form              Tmut/Pois      #.........   100%        3    ####...
 Blade Hands              Tmut           #.........   100%        5    ######.
 Ice Form                 Ice/Tmut       #.......     100%        4    #####..
 Sticks to Snakes         Tmut           #.......     100%        2    ###....
 Beastly Appendage        Tmut           #.....       100%        1    ##.....


Dungeon Overview and Level Annotations

Branches:
Dungeon (4/15)
 Temple: D:4-7

Altars:
Dithmenos
Nemelex Xobeh


Innate Abilities, Weirdness & Mutations

You reflexively headbutt those who attack you in melee.
You have a pair of horns on your head.


Message History

You hit the orc. You block the orc wizard's attack. The orc barely misses you.
You furiously retaliate!
You headbutt the orc!
You kill the orc!
The orc wizard hits you but does no damage.
You are electrocuted!
* * * LOW HITPOINT WARNING * * *
You block the orc's attack.
Okay, then.
The orc wizard gestures at you while chanting.
The magic dart hits you!
The orc priest hits you but does no damage.
The orc wizard gestures at you while chanting.
The magic dart hits you!
You hit the orc priest.
The orc priest is lightly wounded.
The orc wizard mumbles some strange words.
The orc wizard blinks!
The orc priest invokes the aid of Beogh against you.
Pain shoots through your body!
You die...

..........#............#
..........+............#
..........#............#
..........#............#
######'####............#
... #............# ..
#........o...#
#............#####
#.....@o§o.)......
#..........)......
#.................
#.................
#.................
#........(...#####
#............#
#............#


You could see an orc priest, an orc wizard and an orc.

Vanquished Creatures
  The ghost of Mamutox the Skirmisher, an amateur MiMo (D:3)
  An ogre (D:4)
  Blork the orc (D:4)
  4 orc wizards
  Crazy Yiuf (D:2)
  Terence (D:2)
  4 adders
  8 gnolls (D:3)
  7 worms
  2 dart slugs
  A leopard gecko (D:1)
  13 orcs
  2 ball pythons
  4 giant cockroaches
  6 hobgoblins
  5 jackals
  5 bats
  4 frilled lizards
  8 goblins
  4 kobolds
  6 rats
88 creatures vanquished.

Vanquished Creatures (others)
  An orc (D:3)
  A kobold (D:3)
2 creatures vanquished.

Grand Total: 90 creatures vanquished

Notes
Turn   | Place    | Note
-------+----------+-------------------------------------------
     0 | D:1      | PositiveJam the Minotaur Fighter began the quest for the Orb.
     0 | D:1      | Reached XP level 1. HP: 19/19 MP: 0/0
    57 | D:1      | Reached skill level 4 in Fighting
   153 | D:1      | Reached XP level 2. HP: 27/27 MP: 1/1
   721 | D:2      | Reached XP level 3. HP: 34/34 MP: 2/2
   993 | D:2      | Reached skill level 5 in Fighting
  1217 | D:2      | Noticed Terence
  1263 | D:2      | Killed Terence
  1263 | D:2      | Reached XP level 4. HP: 13/42 MP: 3/3
  1371 | D:2      | Found a runed door.
  1464 | D:2      | Noticed Crazy Yiuf
  1466 | D:2      | Killed Crazy Yiuf
  1575 | D:3      | Reached skill level 6 in Fighting
  1576 | D:3      | Reached skill level 5 in Armour
  1576 | D:3      | Reached XP level 5. HP: 34/50 MP: 4/4
  2046 | D:3      | Reached XP level 6. HP: 51/58 MP: 5/5
  2061 | D:3      | Reached skill level 7 in Fighting
  2095 | D:3      | Found a large runed door.
  2095 | D:3      | Found a large runed door.
  2104 | D:3      | Noticed Mamutox's ghost (amateur MiMo)
  2188 | D:3      | Killed Mamutox's ghost
  2406 | D:3      | Found a shadowy altar of Dithmenos.
  2763 | D:4      | Found a sparkling altar of Nemelex Xobeh.
  2800 | D:4      | Noticed Blork the orc
  2805 | D:4      | Reached skill level 8 in Fighting
  2805 | D:4      | Reached XP level 7. HP: 51/68 MP: 6/6
  2813 | D:4      | Killed Blork the orc
  2970 | D:4      | Killed from afar by an orc priest

Vault maps used:
D:1:      tarquinn_simple_flora_water_f
D:2:      grunt_decor_cap, kennysheep_potato, uniq_terence,
          uniq_crazy_yiuf_cottage
D:3:      grunt_dithmenos_smoke_and_mirrors, ebering_ghost_disaster_area,
          lemuel_flame_loot_1
D:4:      kennysheep_little_box, nemelex_spade_bored_becter, uniq_blork_the_orc,
          uniq_ijyb

Skill      XL: |  1  2  3  4  5  6 |
---------------+-------------------+-----
Fighting       | 4 5 6 8 |  8.3
Armour         | 4 5 6 |  6.7
Axes           | |  2.4
Shields        | |  3.6

Action                   |  1- 3 |  4- 6 |  7- 9 || total
-------------------------+-------+-------+-------++-------
Melee: War axe           |    79 |   134 |    10 ||   223
       Headbutt          |     9 |    27 |     1 ||    37
  Use: Scroll            |     4 |     3 |       ||     7
       Potion            |       |     2 |       ||     2
  Eat: Chunk             |     1 |     5 |       ||     6
Armor: Scale mail        |    28 |    29 |       ||    57
       Plate armour      |       |    82 |     9 ||    91
Dodge: Dodged            |    21 |    29 |     4 ||    54
Block: Shield            |    44 |    87 |     7 ||   138

Table legend:
 A = Spawn XP
 B = Non-spawn XP
 C = Spawn XP percentage of total XP
 D = Spawn monster count
 E = Non-spawn monster count
 F = Spawn count percentage of total count
 G = Total turns spent on level
                    A         B        C        D         E        F      G
               +---------+---------+-------+---------+---------+-------+---------
         Total |       0 |     882 |   0.0 |       0 |      88 |   0.0 |  2970
               +---------+---------+-------+---------+---------+-------+---------
           D:1 |       0 |      31 |   0.0 |       0 |      17 |   0.0 |   715
           D:2 |       0 |     120 |   0.0 |       0 |      17 |   0.0 |   853
           D:3 |       0 |     453 |   0.0 |       0 |      40 |   0.0 |  1022
           D:4 |       0 |     278 |   0.0 |       0 |      14 |   0.0 |   380
               +---------+---------+-------+---------+---------+-------+---------
